 Dungeon Crawl Stone Soup version 0.30-a0-170-g85af917532 (webtiles) character file.

Game seed: 3504432010089122248

79 qw the Chopper (level 4, 0/28 HPs)
             Began as a Gargoyle Fighter on Sept 30, 2022.
             Slain by a quokka (2 damage)
             ... on level 2 of the Dungeon.
             The game lasted 00:00:34 (1141 turns).

qw the Chopper (Gargoyle Fighter)                   Turns: 1141, Time: 00:00:34

Health: 0/28       AC: 14    Str: 21    XL:     4   Next: 37%
Magic:  4/4        EV:  6    Int:  9    God:
Gold:   96         SH:  4    Dex:  9    Spells: 3/3 levels left

rFire   . . .      SeeInvis .    Y - +0 war axe
rCold   . . .      Faith    .    c - +0 buckler
rNeg    + . .      Spirit   .    b - +0 scale mail
rPois   inf        Reflect  .    (no helmet)
rElec   +          Harm     .    (no cloak)
rCorr   .          Rampage  .    (no gloves)
Will    .....                    (no boots)
Stlth   ..........               (no amulet)
HPRegen 0.09/turn                i - +4 ring of protection
MPRegen 0.09/turn                (no ring)

@: constricted
A: sickness immunity, AC +3, negative energy resistance 1, electricity
resistance, torment resistance 1, petrification resistance
a: no special abilities


You were on level 2 of the Dungeon.
You visited 1 branch of the dungeon, and saw 2 of its levels.

You collected 96 gold pieces.


Innate Abilities, Weirdness & Mutations

You are immune to sickness and miasma.
Your stone body is resilient. (AC +3)
You are immune to poison.
You resist negative energy. (rN+)
You are resistant to electric shocks. (rElec)
You are resistant to unholy torment.
You are immune to petrification.


   Skills:
 - Level 3.2 Fighting
 + Level 4.1 Axes
 - Level 3.2 Armour
 - Level 3.2 Shields


You had 3 spell levels left.
You didn't know any spells.
Your spell library was empty.

Inventory:

Hand Weapons
 h - a +1 vampiric whip
 Y - a +0 war axe (weapon)
Armour
 a - a +0 tower shield
 b - a +0 scale mail (worn)
 c - a +0 buckler (worn)
Jewellery
 i - a +4 ring of protection (left hand)
Potions
 d - a potion of might
 e - a potion of curing {unknown}
 f - a potion of brilliance {unknown}
 g - a potion of resistance {unknown}

Dungeon Overview and Level Annotations

Branches:
Dungeon (2/15)

Altars:


Message History

The orc wizard hits you but does no damage.
You barely miss the orc wizard.
A quokka comes into view.
The orc wizard hits you but does no damage.
The orc wizard casts a spell.
The orc wizard flickers and vanishes!
Deactivating autopickup; reactivate with Ctrl-A.
You hit the orc wizard but do no damage.
You block the orc wizard's attack.
You slash the orc wizard!
The orc wizard is almost dead.
The orc wizard mumbles some strange words.
The orc wizard flickers and vanishes!
You hear some strange, mumbled words.
A puff of flame appears from out of thin air!
The puff of flame hits you!
You slash something!
Reactivating autopickup.
You feel a bit more experienced. The ball python bites you.
The ball python barely misses you.
Your Axes skill increases to level 4!
You have reached level 4!
You feel clever.
You hit the quokka.
The quokka is severely wounded.
You hit the ball python. The ball python barely misses you.
The ball python closely misses you. You block the quokka's attack.
The ball python closely misses you. The ball python misses you.
You closely miss the quokka.
The quokka is severely wounded.
You barely miss the ball python.
The quokka bites you but does no damage.
The ball python bites you but does no damage.
The ball python grabs you. The ball python constricts you.
The quokka bites you but does no damage.
You closely miss the ball python.
The ball python is moderately wounded.
You closely miss the quokka. The ball python barely misses you.
The ball python constricts you. The quokka bites you.
You die...

#.....##.# ##!....#..# .
###.........
..#..>!...[.S ###
#.?$##......# #####...
.....<.....## ......#
##..#..####...##
....#####.. #..r.S{....##
....#.....###..%@###....#
......###.....##%%......#
..%...............##...##
##.............##!....##
...#...........###..?##
..###..........# ...# ..
#...........# ..... ..
#...........# ....##
..#.........>..# ..###


You could see a quokka and a ball python.

Vanquished Creatures
  An orc wizard (D:2)
  An adder (D:2)
  A worm (D:2)
  2 dart slugs (D:1)
  An orc (D:2)
  3 bats (D:1)
  An endoplasm (D:2)
  2 giant cockroaches
  3 goblins (D:1)
  3 hobgoblins
  3 jackals (D:1)
  3 quokkas (D:1)
  2 ball pythons (D:1)
  4 frilled lizards
  A kobold (D:1)
  2 rats (D:2)
33 creatures vanquished.

Notes
Turn   | Place    | Note
-------+----------+-------------------------------------------
     0 | D:1      | qw the Gargoyle Fighter began the quest for the Orb.
     0 | D:1      | Reached XP level 1. HP: 14/14 MP: 1/1
     0 | D:1      | 0 ||| qw: Version: 0.2-a-12-gaebbb33
     0 | D:1      | 0 ||| qw: Game counter: 1570
     0 | D:1      | 0 ||| qw: Always use a shield: true
     0 | D:1      | 0 ||| qw: God list: Okawaru
     0 | D:1      | 0 ||| qw: Allow faded altars: false
     0 | D:1      | 0 ||| qw: Do Orc after D:15 true
     0 | D:1      | 0 ||| qw: Do second Lair branch before Depths: true
     0 | D:1      | 0 ||| qw: Lair rune preference: random
     0 | D:1      | 0 ||| qw: Plans: Normal, Zot:1-4, God:TSO, Crypt, Tomb,
                  | Pan, Slime:5, Hells, Abyss, Orb
     0 | D:1      | 0 ||| PLANNING D:1-11
    21 | D:1      | Reached skill level 2 in Axes
   357 | D:1      | Reached XP level 2. HP: 15/19 MP: 2/2
   524 | D:1      | 524 ||| DROPPING +0 club.
   617 | D:1      | 617 ||| Stepping ~*~*~tactically~*~*~ (stealth).
   690 | D:1      | Reached skill level 3 in Axes
   704 | D:1      | Reached XP level 3. HP: 23/23 MP: 3/3
   708 | D:1      | 708 ||| Stepping ~*~*~tactically~*~*~ (hiding).
  1004 | D:1      | 1004 ||| UPGRADING to +4 ring of protection.
  1005 | D:1      | 1005 ||| READING scroll labelled LIUS ATOTESAPN.
  1006 | D:1      | 1006 ||| READING scroll labelled LIUCVOAWE SUBB.
  1071 | D:2      | 1071 ||| Stepping ~*~*~tactically~*~*~ (stealth).
  1097 | D:2      | 1097 ||| Stepping ~*~*~tactically~*~*~ (hiding).
  1098 | D:2      | 1098 ||| Stepping ~*~*~tactically~*~*~ (hiding).
  1137 | D:2      | HP: 3/23 [something/puff of flame (10)]
  1138 | D:2      | HP: 1/23 [ball python (2)]
  1139 | D:2      | Reached skill level 4 in Axes
  1139 | D:2      | Reached XP level 4. HP: 1/28 MP: 4/4
  1141 | D:2      | Slain by a quokka

Levels and vault maps discovered:
D:1:      spicycebolla_arrival_xxxplode, layout_basic, grunt_decor_junction
D:2:      layout_rooms, ebering_ecumenical_altar_rust, minivault_19,
          uniq_crazy_yiuf_cottage

Skill      XL: |  1  2  3 |
---------------+----------+-----
Axes           | 2 3 4 |  4.1
Fighting       | |  3.2
Armour         | |  3.2
Shields        | |  3.2

Action                   |  1- 3 |  4- 6 || total
-------------------------+-------+-------++-------
Melee: War axe           |   120 |     3 ||   123
  Use: Scroll            |     2 |       ||     2
Armor: Scale mail        |    77 |     3 ||    80
Dodge: Dodged            |    53 |     5 ||    58
Block: Buckler           |    22 |     1 ||    23

Table legend:
 A = Non-vault XP
 B = Vault XP
 C = Vault XP percentage of total XP
 D = Non-vault monster count
 E = Vault monster count
 F = Vault count percentage of total count
                 A         B        C        D         E       F
            +---------+---------+-------+---------+---------+-------
      Total |     113 |       0 |   0.0 |      33 |       0 |   0.0
            +---------+---------+-------+---------+---------+-------
        D:1 |      45 |       0 |   0.0 |      23 |       0 |   0.0
        D:2 |      68 |       0 |   0.0 |      10 |       0 |   0.0
            +---------+---------+-------+---------+---------+-------
